 Dungeon Crawl Stone Soup version 0.21.1-1-g345015fe64 (webtiles) character file.

6061 Gargoyl the Envoy of Void (level 10, 0/84 HPs)
             Began as a Centaur Abyssal Knight on May 17, 2018.
             Was a High Priest of Lugonu.
             Succumbed to an orc wizard's poison
             ... on level 9 of the Dungeon.
             The game lasted 00:18:25 (10305 turns).

Gargoyl the Envoy of Void (Centaur Abyssal Knight) Turns: 10305, Time: 00:18:26

Health: 0/84       AC: 15    Str: 20    XL:     10   Next: 57%
Magic:  15/15      EV:  2    Int: 11    God:    Lugonu [*****.]
Gold:   756        SH: 10    Dex: 11    Spells: 9/9 levels left

rFire    . . .     SeeInvis .   b - +0 broad axe
rCold    . . .     Gourm    .   h - +0 shield
rNeg     . . .     Faith    .   i - +0 plate armour
rPois    .         Spirit   .   m - +0 helmet
rElec    .         Reflect  +   n - +0 cloak
rCorr    .         Harm     .   v - +0 pair of gloves
MR       .....     Rnd*Tele +   (no barding)
Stlth    ..........             G - +2 amulet of reflection
HPRegen  0.24/turn              (no ring)
MPRegen  0.14/turn              (no ring)

@: lethally poisoned (0 -> -9), drained, very quick
A: large, hooves 3, deformed body, speed 2, strong 2, teleportitis 1, tough skin
3, evolution 1
a: Depart the Abyss, Bend Space, Banish, Corrupt, Enter the Abyss, Renounce
Religion


You were on level 9 of the Dungeon.
You worshipped Lugonu.
Lugonu was extremely pleased with you.
You were not hungry.

You visited 1 branch of the dungeon, and saw 9 of its levels.
You visited the Abyss 1 time.

You collected 756 gold pieces.

Inventory:

Hand Weapons
 a - a +1 hand axe
 b - a +0 broad axe (weapon)
 d - a +3 whip of venom
 z - a +4 vampiric hand axe
Missiles
 p - 5 tomahawks (quivered)
Armour
 h - a +0 shield (worn)
 i - a +0 plate armour (worn)
 m - a +0 helmet (worn)
 n - a +0 cloak (worn)
 v - a +0 pair of gloves (worn)
Jewellery
 G - a +2 amulet of reflection (around neck)
Wands
 f - a wand of flame (38)
 t - a wand of paralysis (24)
 u - a wand of enslavement (4)
 C - a wand of scattershot (4)
Scrolls
 k - 3 scrolls of teleportation
 q - a scroll of identify
 r - 2 scrolls of remove curse
 y - a scroll of magic mapping
 F - 2 scrolls of blinking
Potions
 j - a potion of might
 o - 2 potions of cancellation
 s - 2 potions of lignification
 w - 2 potions of magic {unknown}
 x - 2 potions of brilliance {unknown}
 A - a potion of haste {unknown}
 B - a potion of heal wounds
 E - a potion of flight {unknown}
Books
 D - a book of Maledictions

   Spells                             Type                      Level
   a - Corona                         Hexes                        1
   b - Ensorcelled Hibernation        Hexes/Ice                    2
   c - Confuse                        Hexes                        3
   d - Tukima's Dance                 Hexes                        3
   e - Dazzling Spray                 Conjuration/Hexes            3
Miscellaneous
 e - a lightning rod (4/4)
 g - a box of beasts
Comestibles
 c - 12 rations


   Skills:
 + Level 6.4(6.2) Fighting
 + Level 3.4(5.4) Axes
 + Level 6.7(7.0) Maces & Flails
 * Level 7.4(7.3) Armour
 + Level 1.2(1.1) Dodging
 + Level 2.6(2.5) Shields
 * Level 7.8(7.7) Invocations
 + Level 0.9(0.8) Evocations


You had 9 spell levels left.
You didn't know any spells.

Dungeon Overview and Level Annotations

Branches:
Dungeon (9/15)             Temple (0/1) D:6
   Lair: D:8-11         Orc: D:9-12

Altars:
Elyvilon
Fedhas
Okawaru
Qazlal
Ru
Trog
Uskayaw
Yredelemnul

Shops:
D:5 %

Annotations:
D:4 exclusion: oklob plant


Innate Abilities, Weirdness & Mutations

You have hooves in place of feet.
Armour fits poorly on your strangely shaped body.
You cover ground very quickly.
You have extremely tough skin. (AC +3)
Your muscles are very strong. (Str +4)
You are occasionally teleported next to monsters.
You evolve.


Message History

Something hits you but does no damage.
You barely miss something.
You feel very sick.
Something hits you but does no damage. x2
Unknown command.
Your shield and plate armour prevent you from hitting something.
You feel sick. Something hits you but does no damage.
Unknown command.
Your plate armour prevents you from hitting something.
You feel sick. Something hits you but does no damage.
Unknown command.
You miss something. You kick something.
You feel sick. Something hits you.
* * * LOW HITPOINT WARNING * * *
The orc priest invokes the aid of Beogh against you.
Beogh smites you!
* * * LOW HITPOINT WARNING * * *
You block something's attack.
Your shield and plate armour prevent you from hitting something.
Your kick misses something.
You die...

♣♣♣ #.# # #.# #
##############.# #
............##.# #
######.###.##.# # #...#
#....# #
#.#.###.#########
########)#..............
.....o{@)###############
##########


You could see an orc priest.

Vanquished Creatures
  3 centaur skeletons
  A hornet (D:8)
  2 hippogriffs
  A wyvern (D:8)
  Eustachio (D:6)
  Menkaure (D:7)
  2 soldier ants (D:8)
  2 orc warriors
  Duvessa (D:5)
  2 sky beasts (D:8)
  4 ogres
  A phantom (D:4)
  5 centaurs
  A crocodile (D:8)
  A big kobold (D:7)
  4 bullfrogs
  2 gnoll sergeants (D:7)
  Dowan (D:5)
  A wyvern zombie (D:8)
  8 killer bees
  A scorpion (D:4)
  5 wights (D:9)
  A howler monkey (D:5)
  5 crimson imps
  3 bullfrog skeletons
  7 hounds
  3 jellies
  5 orc priests
  8 orc wizards
  A gnoll shaman (D:7)
  Ijyb (D:5)
  3 iguanas
  8 worker ants
  A hound skeleton (D:4)
  8 gnolls
  2 howler monkey skeletons
  9 adders
  8 river rats (D:6)
  2 shadow imps
  An ooze (D:4)
  4 worms
  4 dart slugs
  7 leopard geckos
  24 orcs
  2 ball pythons
  11 bats
  9 giant cockroaches
  7 goblins
  8 hobgoblins
  10 jackals
  9 quokkas
  6 frilled lizards
  17 kobolds
  A quokka skeleton (D:6)
  31 rats
  A plant (D:6)
277 creatures vanquished.

Vanquished Creatures (others)
  The ghost of Gobser the Bolt Thrower, a novice DrHu (D:5)
  A hornet (D:8)
  2 plants (D:7)
4 creatures vanquished.

Grand Total: 281 creatures vanquished

Notes
Turn   | Place    | Note
-------+----------+-------------------------------------------
     0 | Abyss:1  | Gargoyl the Centaur Abyssal Knight began the quest for the Orb.
     0 | Abyss:1  | Reached XP level 1. HP: 19/19 MP: 2/2
    39 | Abyss:1  | Noticed a small abomination
   120 | Abyss:2  | Noticed an iron imp
   120 | Abyss:2  | Noticed a wretched star
   120 | D:1      | Escaped the Abyss
   259 | D:1      | Reached XP level 2. HP: 26/26 MP: 3/3
   271 | D:1      | Reached * piety under Lugonu
   677 | D:1      | Reached XP level 3. HP: 29/31 MP: 4/4
  1160 | D:2      | Reached skill level 1 in Maces & Flails
  1170 | D:2      | Reached XP level 4. HP: 27/38 MP: 6/6
  1331 | D:2      | Reached skill level 1 in Dodging
  1374 | D:2      | Found an iron altar of Okawaru.
  1376 | D:2      | Found a basalt altar of Yredelemnul.
  1378 | D:2      | Found a hide-covered altar of Uskayaw.
  1560 | D:2      | Reached XP level 5. HP: 38/46 MP: 7/7
  1751 | D:2      | Reached ** piety under Lugonu
  2485 | D:3      | Noticed a moth of wrath
  2488 | D:3      | Found a bloodstained altar of Trog.
  2860 | D:4      | Noticed a phantom
  2907 | D:4      | Killed a phantom
  2907 | D:4      | Reached XP level 6. HP: 45/52 MP: 8/8
  3021 | D:4      | Reached *** piety under Lugonu
  3233 | D:4      | Reached XP level 7. HP: 47/59 MP: 8/10
  3319 | D:4      | Gained mutation: You have a pair of small horns on your head. [potion of mutation]
  3319 | D:4      | Gained mutation: You have supernaturally acute eyesight. (SInv) [potion of mutation]
  3319 | D:4      | Gained mutation: Potions are less effective at restoring your health. [potion of mutation]
  3319 | D:4      | Gained mutation: You are surrounded by a mild repulsion field. (EV +2) [potion of mutation]
  3320 | D:4      | Lost mutation: You are surrounded by a mild repulsion field. (EV +2) [potion of mutation]
  3320 | D:4      | Lost mutation: You have a pair of small horns on your head. [potion of mutation]
  3320 | D:4      | Lost mutation: Potions are less effective at restoring your health. [potion of mutation]
  3320 | D:4      | Lost mutation: You have supernaturally acute eyesight. (SInv) [potion of mutation]
  3320 | D:4      | Gained mutation: Your muscles are strong. (Str +2) [potion of mutation]
  3320 | D:4      | Gained mutation: You evolve. [potion of mutation]
  3681 | D:4      | Found a blossoming altar of Fedhas.
  3706 | D:4      | Noticed an oklob plant
  3807 | D:5      | Entered Level 5 of the Dungeon
  3823 | D:5      | Noticed Ijyb
  3834 | D:5      | Killed Ijyb
  3878 | D:5      | Noticed Duvessa
  3878 | D:5      | Noticed Dowan
  3892 | D:5      | Killed Duvessa
  3905 | D:5      | Killed Dowan
  4038 | D:5      | Noticed Gobser's ghost (novice DrHu)
  4241 | D:6      | Noticed Eustachio
  4268 | D:6      | Killed Eustachio
  4268 | D:6      | Reached skill level 1 in Shields
  4386 | D:6      | Found a staircase to the Ecumenical Temple.
  4390 | D:6      | Reached skill level 5 in Invocations
  4463 | D:6      | Gained mutation: You are occasionally teleported next to monsters. [evolution]
  4469 | D:6      | Reached XP level 8. HP: 55/67 MP: 10/12
  5069 | D:5      | Reached skill level 5 in Fighting
  5097 | D:5      | Reached skill level 5 in Armour
  5305 | D:5      | Found Naatiocs's Food Shoppe.
  5696 | D:5      | Banished Gobser's ghost
  5696 | D:5      | Reached skill level 5 in Maces & Flails
  5696 | D:5      | Reached XP level 9. HP: 65/74 MP: 13/13
  6271 | D:6      | Found a stormy altar of Qazlal.
  6292 | D:6      | Found a blossoming altar of Fedhas.
  6639 | D:7      | Reached **** piety under Lugonu
  6837 | D:7      | Gained mutation: Your muscles are very strong. (Str +4) [evolution]
  6954 | D:7      | Noticed Menkaure
  6965 | D:7      | Killed Menkaure
  8231 | D:7      | Found a sacrificial altar of Ru.
  8588 | D:8      | Reached XP level 10. HP: 63/83 MP: 15/15
  9119 | D:8      | Reached ***** piety under Lugonu
  9350 | D:8      | Paralysed by a hornet for 3 turns
  9940 | D:9      | Found a white marble altar of Elyvilon.
  9957 | D:9      | Noticed a two-headed ogre
 10304 | D:9      | HP: 1/84 [orc priest/divine providence (15)]
 10305 | D:9      | Succumbed to an orc wizard's poison

Skill      XL: |  1  2  3  4  5  6  7  8  9 10 |
---------------+-------------------------------+-----
Axes           | 2 3 |  3.4
Maces & Flails | 1 2 3 4 5 6 |  6.7
Armour         | 2 3 4 5 6 7 |  7.4
Dodging        | 1 |  1.2
Invocations    | 3 4 5 7 |  7.8
Fighting       | 4 5 6 |  6.4
Shields        | 1 2 |  2.6
Evocations     | |  0.9

Action                   |  1- 3 |  4- 6 |  7- 9 | 10-12 || total
-------------------------+-------+-------+-------+-------++-------
Melee: Whip              |    85 |   197 |   515 |   131 ||   928
       Kick              |    12 |    55 |   163 |    54 ||   284
       Hand axe          |     6 |    20 |       |       ||    26
       Broad axe         |       |       |    28 |    39 ||    67
Throw: Tomahawk          |       |       |     1 |       ||     1
Invok: Depart the Abyss  |     1 |       |       |       ||     1
       Banish            |       |       |     3 |     1 ||     4
Evoke: Wand              |       |     8 |       |       ||     8
  Use: Scroll            |     4 |     1 |    12 |     4 ||    21
       Potion            |     1 |       |     5 |       ||     6
  Eat: Chunk             |       |     3 |     8 |     6 ||    17
       Ration            |       |     1 |     2 |       ||     3
Armor: Leather armour    |    16 |       |       |       ||    16
       Plate armour      |    47 |   208 |   342 |   108 ||   705
Dodge: Dodged            |    27 |    16 |    77 |     8 ||   128
Block: Buckler           |     2 |    29 |    46 |       ||    77
       Shield            |       |       |    27 |    94 ||   121
       Reflection        |       |       |       |     2 ||     2
